 Dungeon Crawl Stone Soup version 0.23.2 (webtiles) character file.

Game seed: 8087281358224376491

36 Menchi the Shield-Bearer (level 3, -1/29 HPs)
             Began as a Formicid Fighter on Apr 9, 2019.
             Slain by a shadow imp (2 damage)
             ... summoned by Natasha
             ... on level 2 of the Dungeon.
             The game lasted 00:01:47 (647 turns).

Menchi the Shield-Bearer (Formicid Fighter)          Turns: 647, Time: 00:01:49

Health: -1/29      AC:  6    Str: 20    XL:     3   Next: 57%
Magic:  3/3        EV:  8    Int: 13    God:
Gold:   19         SH:  9    Dex: 11    Spells: 2/2 levels left

rFire    . . .     SeeInvis +   g - +2 short sword (freeze)
rCold    . . .     Gourm    .   c - +0 shield
rNeg     . . .     Faith    .   b - +0 scale mail
rPois    .         Spirit   .   (helmet unavailable)
rElec    .         Reflect  .   (no cloak)
rCorr    .         Harm     .   (no gloves)
MR       .....                  (no boots)
Stlth    ..........             (no amulet)
HPRegen  0.09/turn              k - +6 ring of intelligence
MPRegen  0.08/turn              (no ring)

@: no status effects
A: permanent stasis, dig shafts and tunnels, four strong arms, antennae 3
a: Dig, Shaft Self


You were on level 2 of the Dungeon.
You were not hungry.

You visited 1 branch of the dungeon, and saw 2 of its levels.

You collected 19 gold pieces.

Inventory:

Hand Weapons
 a - a +0 rapier
 g - a +2 short sword of freezing (weapon)
Armour
 b - a +0 scale mail (worn)
 c - a +0 shield (worn)
Jewellery
 k - a +6 ring of intelligence (left hand)
Scrolls
 h - 2 scrolls of identify {unknown}
 i - a scroll of teleportation {unknown}
Potions
 d - a potion of might
 e - a potion of cancellation {unknown}
Comestibles
 f - 2 rations
 j - a chunk of flesh


   Skills:
 + Level 3.5 Fighting
 * Level 2.4 Short Blades
 + Level 3.6 Armour
 * Level 1.4 Stealth
 + Level 4.0 Shields


You had 2 spell levels left.
You didn't know any spells.
Your spell library was empty.

Dungeon Overview and Level Annotations

Branches:
Dungeon (2/15)

Altars:

Annotations:
D:2 Natasha


Innate Abilities, Weirdness & Mutations

You cannot be hasted, slowed, berserked, paralysed or teleported.
You can dig through walls and to a lower floor.
Your four strong arms can wield two-handed weapons with a shield.
You have a pair of large antennae on your head. (SInv)


Message History

Natasha is heavily wounded.
Natasha mumbles some strange words.
You barely miss Natasha.
Natasha is heavily wounded.
Natasha stares at you and mumbles some strange words.
Your stasis prevents you from being slowed.
The shadow imp hits you but does no damage.
You closely miss Natasha.
Natasha is heavily wounded.
You block Natasha's attack. The shadow imp hits you.
You barely miss Natasha.
Natasha is heavily wounded.
You block Natasha's attack. You block the shadow imp's attack.
You miss Natasha.
Natasha is heavily wounded.
Natasha casts a spell at you. The magic dart hits you!
* * * LOW HITPOINT WARNING * * *
The shadow imp hits you.
You die...

.#.# .#.# #.# .#.#
#.# ...######.#
#.# ..........#
#.# #..########
#.#
#..#############.#
#.>............#h#
##############.#@#
####.#5##
#....#..#
#.#####.#
#.#..##.#
#.#.....#
#.##.#### #....#
######


You could see Natasha and a shadow imp.

Vanquished Creatures
  An ooze (D:1)
  A dart slug (D:1)
  4 leopard geckos
  2 giant cockroaches (D:1)
  2 goblins (D:1)
  A hobgoblin (D:1)
  4 jackals (D:1)
  3 kobolds (D:1)
  A ball python (D:1)
  A bat (D:1)
  A frilled lizard (D:2)
  3 rats (D:1)
24 creatures vanquished.

Notes
Turn   | Place    | Note
-------+----------+-------------------------------------------
     0 | D:1      | Menchi the Formicid Fighter began the quest for the Orb.
     0 | D:1      | Reached XP level 1. HP: 18/18 MP: 1/1
    90 | D:1      | Reached XP level 2. HP: 22/24 MP: 2/2
   226 | D:1      | Reached skill level 1 in Stealth
   253 | D:1      | Reached XP level 3. HP: 23/29 MP: 3/3
   266 | D:1      | Reached skill level 4 in Shields
   629 | D:2      | Noticed Natasha
   647 | D:2      | HP: 1/29 [Natasha/magic dart (9)]
   647 | D:2      | Slain by a shadow imp

Skill      XL: |  1  2  3 |
---------------+----------+-----
Stealth        | 1 |  1.4
Shields        | 4 |  4.0
Fighting       | |  3.5
Short Blades   | |  2.4
Armour         | |  3.6

Action                   || total
-------------------------++-------
Melee: Rapier            ||    63
       Short sword       ||    19
Armor: Scale mail        ||    30
Dodge: Dodged            ||    22
Block: Shield            ||    62
